 Dungeon Crawl Stone Soup version 0.31-a0-590-g8a5a4361df (webtiles) character file.

Game seed: 17527297718439043503

942 avis the Changeling (level 8, 0/60 HPs)
             Began as a Merfolk Shapeshifter on Aug 20, 2023.
             Killed by divine providence
             ... invoked by an orc priest
              (14 damage)
             ... on level 6 of the Dungeon.
             The game lasted 00:18:58 (4753 turns).

avis the Changeling (Merfolk Shapeshifter)          Turns: 4753, Time: 00:18:59

Health: 0/60       AC: 11    Str: 15    XL:     8   Next: 12%
Magic:  8/8        EV: 13    Int: 11    God:
Gold:   410        SH:  0    Dex: 17    Spells: 7/7 levels left

rFire   . .          .
                       - Unarmed
rCold   . . .        (shield currently unavailable)
rNeg    . . .        x - +6 ring mail "Ceiplen" {+Blink Will+ Int+4}
rPois   .            (no helmet)
rElec   .            (no cloak)
rCorr   .            (no gloves)
SInv    .            (no boots)
Will    +....        (no amulet)
Stlth   +            (no ring)
HPRegen 0.30/turn    (no ring)
MPRegen 0.11/turn

%: no passive effects
@: flux-form, glowing
A: glow, contaminating, (nimble swimmer 2), mertail
a: Begin Untransformation, Evoke Blink


You were on level 6 of the Dungeon.
You were something dangerously unstable.
You visited 1 branch of the dungeon, and saw 6 of its levels.

You collected 410 gold pieces.

Inventory:

Hand Weapons
 z - a +3 quarterstaff of chaos
Missiles
 m - 3 boomerangs
Armour
 a - a +0 animal skin
 j - a +0 chain mail
 u - a +0 helmet
 x - the +6 ring mail "Ceiplen" (worn) {+Blink Will+ Int+4}
   (You found it on level 5 of the Dungeon)

   Int+4:     It affects your intelligence (+4).
   Will+:     It increases your willpower.
   +Blink:    It lets you blink.
 A - a +0 cloak
Talismans
 c - a beast talisman
 d - a flux talisman (active)
Wands
 v - a wand of charming (11)
 y - a wand of iceblast (4)
Scrolls
 e - a scroll of revelation {unknown}
 f - 3 scrolls of amnesia {unknown}
 h - 3 scrolls of noise {unknown}
 n - a scroll of fear {unknown}
 p - 2 scrolls of enchant armour {unknown}
 q - 3 scrolls of identify {unknown}
 r - a scroll of teleportation {unknown}
 t - a scroll of immolation {unknown}
 w - a scroll of blinking {unknown}
 B - a scroll of summoning {unknown}
Potions
 b - 2 potions of lignification
 g - a potion of heal wounds {unknown}
 i - a potion of berserk rage {unknown}
 k - 3 potions of enlightenment {unknown}
 l - a potion of mutation {unknown}
 o - a potion of might {unknown}
 s - 3 potions of curing {unknown}


   Skills:
 + Level 4.3 Fighting
 + Level 5.8 Dodging
 + Level 1.4 Stealth
 + Level 5.4 Unarmed Combat
 * Level 7.4 Shapeshifting


You had 7 spell levels left.
You didn't know any spells.
Your spell library contained the following spells:

 Spells                   Type           Power      Damage    Failure   Level
 Magic Dart               Conj           0%         1d3       56%         1
 Call Imp                 Summ           0%         N/A       71%         2
 Mephitic Cloud           Conj/Pois/Air  0%         N/A       91%         3


Dungeon Overview and Level Annotations

Branches:
Dungeon (6/15)
 Temple: D:4-7

Altars:
Elyvilon
Okawaru
Qazlal
Wu Jian

Shops:
D:5 =


Innate Abilities, Weirdness & Mutations

You are something dangerously unstable.
You glow with magical radiation, making you easy to see and hit.
Foes you strike become dangerously contaminated with magical radiation.
You are incapable of wielding weapons or throwing items.
((You are very nimble when in or above water. (Stealth+, EV+, Speed+++)))
Your lower body shifts to a powerful aquatic tail in water.


Message History

The orc warrior misses you.
The orc priest casts a cantrip, but nothing happens.
The orc shouts!
You hit the orc warrior.
The orc warrior glows dangerously bright.
The orc warrior is lightly wounded.
You hear a shout! x3
The orc warrior hits you with a +0 halberd!
An orc comes into view. It is wielding a +0 hand axe.
You hit the orc warrior.
The orc warrior shudders as magic cascades through it!
The orc warrior twists and deforms.
The orc warrior is severely wounded.
You hit the orc warrior.
The orc warrior begins to glow.
The orc warrior is almost dead.
You barely miss the orc warrior.
The orc warrior is almost dead.
The orc warrior barely misses you.
An orc comes into view. It is wielding a +0 flail.
You hit the orc warrior.
You kill the orc warrior!
An orc opens the door.
The orc priest miscasts a cantrip.
You completely miss the orc priest.
The orc priest hits you but does no damage.
You hit the orc but do no damage.
The orc begins to glow.
The orc misses you.
You hit the orc.
The orc glows dangerously bright.
The orc is heavily wounded.
The orc hits you with a +0 flail.
You hit the orc.
You kill the orc!
The orc priest calls down the wrath of Beogh upon you.
Beogh smites you!
* * * LOW HITPOINT WARNING * * *
An orc wizard comes into view. It is wielding a +0 dagger.
You barely miss the orc.
The orc wizard shouts!
The orc priest invokes the aid of Beogh against you.
Beogh smites you!
You die...

#. ..........#.##.... .###
#. ####+#####. #.... ...##.
## #.... #..#. #.#....
.###... #.#.... .......##
#...... ....o.).## #######
#..#....
...o.#...###..##.#######....
... #...ooB..##............
+ ####o###....#.##....... #.
####....+....... #.
###.##....... #. #.##.......
#. #.##....... #+
#.##....... #.#####.... ..#
###..


You could see an orc priest and 3 orcs.

Vanquished Creatures
  An ice beast (D:5)
  An orc warrior (D:6)
  A phantom (D:5)
  2 hounds (D:5)
  4 jellies
  2 orc priests (D:4)
  Crazy Yiuf (D:5)
  5 iguanas
  A sleepcap (D:4)
  Ijyb (D:5)
  An orc wizard (D:4)
  4 gnolls (D:4)
  9 adders
  An ufetubus (D:5)
  2 worms
  2 dart slugs (D:4)
  3 orcs
  12 ball pythons
  6 bats
  8 endoplasms
  3 giant cockroaches
  9 goblins
  9 hobgoblins
  7 quokkas
  3 frilled lizards
  3 kobolds
  6 rats
107 creatures vanquished.

Notes
Turn   | Place    | Note
-------+----------+-------------------------------------------
     0 | D:1      | avis the Merfolk Shapeshifter began the quest for the Orb.
     0 | D:1      | Reached XP level 1. HP: 15/15 MP: 1/1
   169 | D:1      | Reached XP level 2. HP: 21/21 MP: 2/2
   413 | D:1      | Found a faded altar of an unknown god.
   580 | D:1      | Reached XP level 3. HP: 19/26 MP: 3/3
  1344 | D:2      | Reached XP level 4. HP: 33/33 MP: 4/4
  2014 | D:3      | Reached skill level 5 in Shapeshifting
  2078 | D:3      | You fall into a shaft and drop 3 floors!
  2095 | D:5      | Entered Level 5 of the Dungeon
  2120 | D:5      | Found Xocrez's Jewellery Shop.
  2120 | D:5      | Noticed a phantom
  2130 | D:5      | Reached XP level 5. HP: 38/39 MP: 5/5
  2138 | D:5      | Killed a phantom
  2167 | D:5      | Reached XP level 6. HP: 24/46 MP: 6/6
  2397 | D:4      | Found a stormy altar of Qazlal.
  2476 | D:4      | Reached skill level 6 in Shapeshifting
  2619 | D:3      | Found a white marble altar of Elyvilon.
  2963 | D:4      | Found an iron altar of Okawaru.
  3350 | D:4      | Reached XP level 7. HP: 18/52 MP: 7/7
  3562 | D:4      | Reached skill level 5 in Dodging
  3879 | D:4      | Reached skill level 5 in Unarmed Combat
  3924 | D:4      | Found an ornate altar of the Wu Jian Council.
  4194 | D:5      | Reached skill level 7 in Shapeshifting
  4203 | D:5      | Identified the +6 ring mail "Ceiplen" {+Blink Will+ Int+4}
  4428 | D:5      | Noticed Ijyb
  4437 | D:5      | Killed Ijyb
  4441 | D:5      | Reached skill level 1 in Stealth
  4525 | D:5      | Found a runed translucent door.
  4526 | D:5      | Noticed Crazy Yiuf
  4533 | D:5      | Killed Crazy Yiuf
  4534 | D:5      | Reached XP level 8. HP: 41/60 MP: 8/8
  4753 | D:6      | Killed from afar by an orc priest

Illustrated notes

Levels and vault maps discovered:
D:1:      matt_arrival_refuge, layout_loops_corners,
          nicolae_ecumenical_snake_handling, minmay_ruptured
D:2:      layout_basic
D:3:      layout_loops_cross, marbit_many_paths, minivault_14
D:4:      layout_loops_cross, lemuel_coloured_pillars_altar,
          grunt_qazlal_clouds, mainiacjoe_overflow_24_doors,
          eino_small_chamber_without_monster
D:5:      layout_basic, serial_shops, shop, uniq_crazy_yiuf_cottage, uniq_ijyb
D:6:      layout_basic, amethyst_overflow_temple_binary, nicolae_half_adder

Skill      XL: |  1  2  3  4  5  6  7 |
---------------+----------------------+-----
Dodging        | 3 4 5 |  5.8
Fighting       | 2 3 4 |  4.3
Shapeshifting  | 5 6 7 |  7.4
Unarmed Combat | 4 5 |  5.4
Stealth        | 1 |  1.4

Action                     |  1- 3 |  4- 6 |  7- 9 || total
---------------------------+-------+-------+-------++-------
  Melee: Unarmed           |   121 |   143 |    93 ||   357
         Punch             |     2 |     8 |       ||    10
 Armour: Animal skin       |    13 |       |       ||    13
         Chain mail        |    17 |    51 |    16 ||    84
         Ring mail         |       |       |    10 ||    10
  Dodge: Dodged            |    76 |    57 |    44 ||   177
   Form: Flux              |       |       |     1 ||     1

Table legend: (Time is in decaauts)
 A = Elapsed time spent in this place.
 B = Non-inter-level travel time spent in this place.
 C = Inter-level travel time spent in this place.
 D = Time resting spent in this place.
 E = Time spent auto-exploring this place.
 F = Levels seen in this place.
 G = Mean time per level.
                   A        B        C        D        E       F      G
               +--------+--------+--------+--------+--------+-----+--------+
         Total |   4719 |   4244 |    475 |    668 |   2498 |   6 |  786.5 |
       Dungeon |   4719 |   4244 |    475 |    668 |   2498 |   6 |  786.5 |
               +--------+--------+--------+--------+--------+-----+--------+

Top non-repeatable levels by time:
     D:1: 1260 daAuts
     D:4: 1203 daAuts
     D:5: 948 daAuts
     D:3: 679 daAuts
     D:2: 542 daAuts
     D:6: 85 daAuts
